Map: Romanticide LE

Players

PartinG

  • Race: Protoss Protoss
  • League: Grandmaster
  • Spawn Location: 5:00

JinairRogue (Rogue) - Winner!

  • Race: Zerg Zerg
  • Spawn Location: 11:00

Event: ASUS ROG Online 2020

VOD

https://youtu.be/8jJ9xOcuGxM

Description

Time

  • Played on: Nov. 27, 2020, 8:52 a.m.
  • Length: 10:02

All games in this series

Show
View Real Time Build Order
Export as new Build Order

PartinG Protoss 

Build Orders: 1 Gate Expand, Zealot Archon, Dark Templar Rush 

Get SALT Encoding   

  12  0:00  Probe  
  13  0:13  Pylon  
  13  0:17  Probe (Chrono Boost)  
  14  0:27  Probe (Chrono Boost)  
  15  0:32  Probe (Chrono Boost)  
  16  0:41  Gateway  
  16  0:43  Probe  
  16  0:47  Assimilator  
  17  0:56  Probe  
  18  1:08  Probe  
  19  1:20  Probe  
  20  1:27  Nexus  
  20  1:35  Cybernetics Core  
  20  1:36  Probe  
  21  1:42  Assimilator  
  21  1:48  Probe  
  21  1:52  Pylon  
  22  2:00  Probe  
  23  2:08  Adept (Chrono Boost)  
  23  2:13  Probe  
  26  2:20  Twilight Council  
  26  2:25  Probe  
  26  2:29  Warp Gate  
  27  2:31  Stalker  
  29  2:37  Probe (Chrono Boost)  
  29  2:41  Probe (Chrono Boost)  
  31  2:47  Probe (Chrono Boost)  
  31  2:49  Probe (Chrono Boost)  
  33  2:59  Probe x2  
  33  3:00  Dark Shrine  
  35  3:06  Gateway  
  35  3:09  Adept  
  35  3:11  Probe (Chrono Boost)  
  38  3:18  Probe (Chrono Boost)  
  39  3:22  Probe (Chrono Boost)  
  39  3:23  Pylon  
  41  3:27  Probe x2 (Chrono Boost)  
  42  3:37  Probe x2  
  43  3:44  Nexus  
  43  3:46  Pylon  
  43  3:50  Pylon  
  43  3:52  Probe x2  
  45  4:05  Shield Battery  
  45  4:07  Probe x2  
  47  4:14  Robotics Facility  
  47  4:17  Dark Templar x2  
  47  4:21  Assimilator, Probe  
  47  4:22  Assimilator, Probe  
  53  4:28  Forge  
  53  4:38  Shield Battery  
  53  4:44  Probe x2  
  53  4:49  Shield Battery  
  53  4:50  Dark Templar  
  54  4:53  Dark Templar  
  54  4:57  Probe x2  
  56  5:05  Pylon  
  56  5:09  Probe x2  
  56  5:12  Probe  
  60  5:21  Probe x2  
  60  5:26  Dark Templar x2  
  65  5:30  Nexus  
  65  5:32  Warp Prism (Chrono Boost), Shield Battery  
  65  5:33  Protoss Ground Weapons Level 1 (Chrono Boost), Probe x2  
  65  5:35  Blink  
  69  5:48  Pylon  
  69  5:54  Pylon  
  69  5:58  Probe  
  69  5:59  Pylon  
  70  6:06  Probe  
  70  6:09  Sentry x2  
  75  6:13  Probe  
  75  6:18  Probe  
  77  6:21  Pylon  
  77  6:25  Probe  
  75  6:27  Gateway  
  75  6:29  Gateway  
  75  6:30  Gateway, Probe  
  76  6:35  Gateway x2  
  76  6:43  Warp Prism (Chrono Boost), Probe x2  
  76  6:49  Archon  
  76  6:51  Sentry x2  
  76  6:53  Gateway  
  74  6:55  Pylon x2  
  74  6:57  Probe x3  
  74  7:00  Assimilator  
  77  7:10  Probe x3  
  77  7:12  Assimilator  
  77  7:13  Pylon  
  77  7:14  Stalker x2  
  84  7:16  Observer (Chrono Boost)  
  85  7:23  Stalker x2  
  89  7:31  Stalker x3  
  89  7:40  Stalker x2, Protoss Ground Weapons Level 2 (Chrono Boost)  
  93  7:46  Probe x3  
  93  7:49  Robotics Bay  
  93  7:50  Stalker x2  
  100  7:53  Stalker  
  102  7:59  Stalker  
  102  8:01  Stalker  
  102  8:03  Photon Cannon  
  102  8:05  Stalker  
  108  8:06  Stalker  
  108  8:09  Stalker  
  107  8:24  Stalker x4  
  111  8:30  Photon Cannon  
  111  8:32  Stalker  
  111  8:33  Stalker  
  112  8:38  Stalker  
  112  8:39  Probe x2  
  116  8:42  Photon Cannon  
  116  8:46  Warp Prism (Chrono Boost)  
  116  8:55  Sentry x2  
  116  8:56  Sentry  
  116  8:57  Zealot x2  
  126  9:02  Stalker  
  122  9:17  Stalker x3  
  122  9:20  Dark Templar  
  120  9:29  Dark Templar  
  120  9:31  Stalker x2  
  111  9:35  Stalker  
  94  9:43  Stalker  
  94  9:45  Stalker x2  
Show
View Real Time Build Order
Export as new Build Order

JinairRogue Zerg - Winner!

Build Orders: Hatch First 

Get SALT Encoding   

  12  0:00  Drone  
  13  0:12  Overlord  
  13  0:17  Drone  
  14  0:30  Drone x2  
  16  0:45  Drone x2  
  18  0:55  Hatchery  
  17  0:58  Drone  
  17  0:59  Extractor  
  17  1:13  Spawning Pool  
  17  1:16  Drone  
  17  1:19  Drone  
  18  1:28  Drone  
  19  1:38  Overlord  
  19  1:50  Drone  
  20  2:00  Queen  
  23  2:01  Zergling x2, Metabolic Boost  
  23  2:06  Queen  
  26  2:08  Zergling x2  
  26  2:13  Drone  
  27  2:20  Drone  
  29  2:22  Drone  
  29  2:30  Drone  
  29  2:33  Drone  
  31  2:40  Hatchery  
  31  2:43  Drone  
  31  2:47  Queen  
  33  2:54  Overlord  
  33  2:57  Drone x2  
  35  3:02  Drone  
  36  3:14  Drone  
  36  3:15  Drone x4  
  36  3:19  Overlord  
  41  3:22  Queen  
  43  3:31  Spore Crawler, Drone  
  43  3:35  Roach Warren  
  43  3:38  Drone x3  
  46  3:48  Zergling x4  
  46  3:50  Zergling x6  
  46  3:53  Queen  
  46  3:55  Zergling x2  
  52  4:01  Spore Crawler  
  51  4:02  Spore Crawler  
  51  4:03  Zergling x2  
  51  4:04  Zergling x6  
  51  4:08  Drone x2  
  56  4:12  Overlord  
  56  4:16  Drone  
  57  4:18  Overlord  
  57  4:22  Overlord  
  57  4:29  Zergling x2, Extractor  
  57  4:33  Zergling x2  
  57  4:34  Zergling x10  
  57  4:35  Drone x2  
  63  4:39  Drone x2  
  63  4:40  Drone  
  63  4:43  Drone  
  65  4:49  Zergling x2  
  65  4:50  Zergling x4  
  65  4:51  Zergling x2  
  68  4:59  Lair  
  63  5:00  Drone  
  63  5:06  Drone x2  
  64  5:08  Drone x5  
  64  5:09  Drone  
  64  5:13  Drone  
  64  5:14  Drone x2  
  72  5:15  Drone  
  72  5:17  Extractor  
  72  5:20  Zergling x4  
  70  5:24  Zergling x2  
  70  5:27  Zergling x4  
  69  5:32  Extractor x2  
  67  5:36  Drone x4  
  67  5:37  Drone x6  
  67  5:41  Roach x2  
  81  5:47  Drone  
  81  5:49  Extractor  
  81  5:50  Overlord x2  
  81  6:00  Spire, Drone  
  81  6:01  Drone  
  81  6:02  Overlord, Glial Reconstitution  
  82  6:04  Overseer  
  82  6:05  Overlord  
  82  6:09  Drone  
  82  6:10  Drone x3  
  82  6:11  Drone  
  87  6:16  Drone x3  
  90  6:23  Roach x4  
  97  6:27  Overseer  
  97  6:30  Drone  
  98  6:35  Roach x2  
  98  6:36  Roach x4  
  98  6:38  Drone x2  
  113  6:40  Drone  
  113  6:44  Drone  
  114  6:50  Overlord  
  111  6:56  Overlord x3  
  111  6:59  Hatchery  
  110  7:04  Overlord  
  110  7:17  Mutalisk x8  
  110  7:19  Overseer  
  110  7:21  Zergling x8  
  130  7:26  Zergling x4  
  129  7:33  Mutalisk x2  
  129  7:35  Roach x3  
  138  7:38  Roach  
  138  7:40  Roach x3  
  138  7:41  Overlord  
  146  7:45  Overlord  
  146  7:46  Evolution Chamber  
  146  7:47  Overlord  
  145  7:53  Overlord  
  145  7:54  Overlord  
  145  8:05  Roach x3  
  151  8:06  Roach x5  
  151  8:11  Overlord x2  
  158  8:17  Roach x5  
  166  8:22  Roach x2  
  168  8:27  Roach  
  168  8:33  Roach  
  168  8:34  Roach x7  
  182  8:47  Zergling x14  
  186  8:49  Ravager x5  
  186  8:51  Ravager  
  186  8:54  Roach  
  198  8:55  Roach x2  
  198  8:58  Overseer  
  198  8:59  Zergling x2  
  198  9:00  Zergling x2  
  200  9:04  Overseer  
  196  9:19  Roach x4  
  196  9:22  Roach  
  196  9:23  Roach x4  
  200  9:31  Roach x5  
  177  9:38  Roach x6  
  177  9:39  Roach x3  
  177  9:40  Roach x2  
  177  9:42  Roach  
  177  9:43  Zergling x4  
Tags
 
Add a new tag
Caveats
  • Supply blocks, unpowered buildings, or Contaminate may cause inaccurate times.
  • Supply counts are checked every 10 seconds.